 Dungeon Crawl Stone Soup version 0.23-a0-584-g44dd78f (webtiles) character file.

12688 Lavandula the Nimble (level 12, -8/73 HPs)
             Began as a Halfling Enchanter on Dec 17, 2018.
             Was an Elder of Hepliaklqana.
             Mangled by a very large slime creature (55 damage)
             ... on level 14 of the Dungeon.
             The game lasted 00:39:23 (7185 turns).

Lavandula the Nimble (Halfling Enchanter)           Turns: 7185, Time: 00:39:24

Health: -8/73      AC:  8    Str:  9    XL:     12   Next: 23%
Magic:  1/17       EV: 23    Int: 17    God:    Hepliaklqana [****..]
Gold:   547        SH:  0    Dex: 16    Spells: 7/18 levels left

rFire    . . .     SeeInvis .   e - +4 falchion (holy)
rCold    . . .     Gourm    .   (shield restricted)
rNeg     . . .     Faith    .   G - +2 robe {Archmagi}
rPois    +         Spirit   .   v - +0 helmet
rElec    .         Reflect  .   Q - scarf {cloud immunity}
rCorr    .         Harm     .   (no gloves)
MR       .....                  (no boots)
Stlth    ++........             (no amulet)
HPRegen  0.22/turn              M - ring of poison resistance
MPRegen  0.15/turn              P - +3 ring of protection

@: studying Axes
A: small, reduced essence, mutation resistance 1
a: Recall Ancestor, Ancestor Identity, Transference, Idealise, Renounce Religion


You were on level 14 of the Dungeon.
You worshipped Hepliaklqana.
Hepliaklqana was greatly pleased with you.
You were not hungry.

You visited 2 branches of the dungeon, and saw 15 of its levels.

You collected 665 gold pieces.
You spent 118 gold pieces at shops.

Inventory:

Hand Weapons
 e - a +4 falchion of holy wrath (weapon)
 j - a +2 falchion of slicing
 l - a +2 dagger of protection
 m - a +0 hunting sling
 p - a +0 short sword of holy wrath
 E - a +0 blowgun
 H - a +0 war axe of electrocution
 O - a cursed +3 short sword of freezing
 R - a +3 long sword
Missiles
 n - 84 sling bullets
 F - 7 curare-tipped needles
Armour
 v - a +0 helmet (worn)
 y - a +0 robe of positive energy
 G - a +2 robe of the Archmagi (worn)
 Q - a scarf of cloud immunity (worn)
Jewellery
 I - an uncursed ring of flight
 M - a ring of poison resistance (left hand)
 P - a +3 ring of protection (right hand)
Wands
 J - a wand of enslavement (6)
 L - a wand of clouds (5)
 S - a wand of flame (15)
Scrolls
 c - 4 scrolls of remove curse
 g - 2 scrolls of immolation
 i - 3 scrolls of enchant armour {unknown}
 o - 3 scrolls of fog {unknown}
 s - 2 scrolls of fear
 t - 7 scrolls of teleportation
 u - a scroll of enchant weapon
 x - 4 scrolls of amnesia
 N - 2 scrolls of vulnerability {unknown}
Potions
 a - a potion of berserk rage {unknown}
 b - 2 potions of might {unknown}
 h - 2 potions of ambrosia
 k - a potion of agility {unknown}
 q - a potion of resistance {unknown}
 r - a potion of degeneration {unknown}
 z - 3 potions of curing
 A - 2 potions of haste {unknown}
 B - a potion of experience {unknown}
 D - a potion of brilliance {unknown}
 K - 4 potions of heal wounds {unknown}
Books
 C - a manual of Axes
Miscellaneous
 f - a box of beasts
Comestibles
 d - 11 rations


   Skills:
 - Level 7.6 Fighting
 - Level 8.7(11.2) Short Blades
 - Level 9.7(10.7) Long Blades
 - Level 10.8 Dodging
 - Level 3.2 Stealth
 - Level 3.7 Spellcasting
 + Level 2.4 Hexes
 - Level 4.6 Evocations


You had 7 spell levels left.
You knew the following spells:

 Your Spells              Type           Power        Failure   Level  Hunger
a - Corona                Hex            ###....      6%          1    None
b - Ensorcelled Hibernat  Hex/Ice        ##....       16%         2    ##.....
c - Dazzling Spray        Conj/Hex       ##....       30%         3    ###....
d - Confuse               Hex            ###.....     19%         3    ###....
e - Passwall              Tmut/Erth      #.......     24%         2    ##.....

Your spell library contained the following spells:

 Spells                   Type           Power        Failure   Level  Hunger
 Confusing Touch          Hex            ###...       6%          1    None
 Sandblast                Erth           #.....       16%         1    None
 Tukima's Dance           Hex            ###.....     19%         3    ###....
 Gell's Gravitas          Tloc           #.........   43%         3    ###....
 Stone Arrow              Conj/Erth      #.....       43%         3    ###....
 Petrify                  Tmut/Erth      #.......     85%         4    ####...
 Metabolic Englaciation   Hex/Ice        ##........   95%         5    ######.
 Yara's Violent Unravell  Hex/Tmut       ##........   95%         5    ######.
 Lee's Rapid Deconstruct  Erth           #.........   99%         5    ######.


Dungeon Overview and Level Annotations

Branches:
Dungeon (14/15)              Lair (1/6) D:8
 Temple: D:4-7          Orc: D:9-12      Vaults: D:13-14

Altars:
Cheibriados
Hepliaklqana
Qazlal
Ru
Trog
Wu Jian
Yredelemnul

Shops:
D:7 [   D:9 (   D:14 }

Annotations:
D:3 1 runed door, RexLacerta's ghost, amateur TrMo


Innate Abilities, Weirdness & Mutations

You are small and have problems with some larger weapons.
You are somewhat resistant to further mutation.
Your life essence is reduced to manifest your ancestor. (-10% HP)


Message History

The very large slime creature is severely wounded.
Things that are here:
a +0 shortbow x2; 39 arrows
Things that are here:
a cursed +0 shortbow; 25 arrows
Things that are here:
a +0 shortbow; a +0 longbow; 40 arrows You see here an arrow.
The very large slime creature closely misses you.
You see here a dagger.
Casting: Ensorcelled Hibernation (safe; 16% risk of failure)
Confirm with . or Enter, or press ? or * to list all spells.
Aiming: Ensorcelled Hibernation (safe; 16% risk of failure)
Press: ? - help, Shift-Dir - straight line, f/p - very large slime creature
Aim: a very large slime creature (heavily wounded, chance to defeat MR: 25%)
You feel a surge of power!
The very large slime creature resists with almost no effort.
The very large slime creature hits you!!!
Ouch! That really hurt!
You die...

#.##.#........))(#.#
..##.#.#########)#.#
####.#.......#<#(#.#
#.#######.#.#.#.#
###J#######.#.#)#.#
#....J....#.#.#.#.#
#########.#.#.#.#.#
#.#.#.#J#.#
#.#.#.#@#.#
##########.#.#.#.#.#
..'∩'..J.#.#.#...#.#
########.#.#.#####.#
#.#.#.#####.#
#...#.......#
#.########### ###


You could see a very large slime creature.

Vanquished Creatures
  A two-headed ogre (D:11)
  An unseen horror (D:12)
  An ugly thing (D:11)
  A manticore (D:12)
  2 centaur zombies
  A centaur skeleton (D:14)
  A troll (D:14)
  A shadow (D:7)
  7 yaks
  A hungry ghost (D:8)
  2 orc warriors
  3 ogres
  2 centaurs
  A crocodile (D:8)
  Blork the orc (D:5)
  2 bullfrogs
  2 scorpions
  A killer bee (D:7)
  5 jellies
  2 orc priests (D:10)
  4 hounds
  5 orc wizards
  Natasha (twice) (D:4)
  7 adders
  2 shadow imps
  An adder skeleton (D:4)
  3 dart slugs
  2 worms
  3 leopard geckos
  18 orcs
  9 bats
  2 giant cockroaches
  5 hobgoblins
  2 jackals (D:2)
  3 quokkas
  A ball python (D:2)
  4 frilled lizards
  5 goblins
  6 kobolds
  A leopard gecko zombie (D:8)
  2 rats (D:1)
125 creatures vanquished.

Vanquished Creatures (collateral kills)
  2 two-headed ogres
  A centaur warrior (D:14)
  A cyclops (D:12)
  An elephant (D:8)
  A centaur skeleton (D:12)
  A troll (D:9)
  2 hippogriffs (D:8)
  4 yaks
  A hungry ghost (D:8)
  2 orc warriors
  2 sky beasts
  2 ice beasts
  A black bear (D:10)
  A phantom (D:7)
  An ogre (D:4)
  4 centaurs
  2 crocodiles
  A big kobold (D:7)
  2 bullfrogs (D:9)
  A wyvern zombie (D:8)
  A wyvern skeleton (D:12)
  4 wights (D:10)
  5 howler monkeys
  An electric eel (D:7)
  A crimson imp (D:7)
  3 hounds
  3 orc priests
  3 jellies
  3 orc wizards
  2 worker ants
  A hound skeleton (D:4)
  An adder zombie (D:8)
  9 orcs
  A giant cockroach (D:3)
  A goblin (D:3)
  A hobgoblin (D:3)
  3 quokkas
  A kobold (D:7)
77 creatures vanquished.

Vanquished Creatures (others)
  12 battlemagi
  4 ancestors
16 creatures vanquished.

Grand Total: 218 creatures vanquished

Notes
Turn   | Place    | Note
-------+----------+-------------------------------------------
     0 | D:1      | Lavandula the Halfling Enchanter began the quest for the
                  | Orb.
     0 | D:1      | Reached XP level 1. HP: 11/11 MP: 3/3
   101 | D:1      | Reached XP level 2. HP: 10/17 MP: 4/4
   462 | D:1      | Learned a level 2 spell: Ensorcelled Hibernation
   504 | D:1      | Reached XP level 3. HP: 19/21 MP: 5/5
   905 | D:2      | Reached XP level 4. HP: 27/27 MP: 6/6
   969 | D:3      | Found a hazy altar of Hepliaklqana.
   986 | D:3      | Became a worshipper of Hepliaklqana the Forgotten
  1075 | D:3      | Learned a level 3 spell: Dazzling Spray
  1124 | D:5      | Entered Level 5 of the Dungeon
  1228 | D:4      | Found a bloodstained altar of Trog.
  1236 | D:4      | Noticed an ogre
  1278 | D:4      | Killed an ogre
  1278 | D:4      | Reached XP level 5. HP: 10/27 MP: 3/7
  1304 | D:5      | Noticed an ogre
  1501 | D:3      | Found a runed door.
  1503 | D:3      | Noticed RexLacerta's ghost (amateur TrMo)
  1530 | D:4      | Noticed Natasha
  1615 | D:4      | Killed Natasha
  1615 | D:4      | Reached XP level 6. HP: 25/32 MP: 5/8
  1646 | D:5      | Reached * piety under Hepliaklqana
  1806 | D:4      | Noticed Natasha
  1813 | D:4      | Killed Natasha
  1866 | D:5      | Killed an ogre
  1911 | D:5      | Found a basalt altar of Yredelemnul.
  1912 | D:5      | Noticed Blork the orc
  1920 | D:5      | Reached XP level 7. HP: 36/36 MP: 0/9
  1957 | D:5      | Killed Blork the orc
  1984 | D:5      | Found a snail-covered altar of Cheibriados.
  2264 | D:6      | Found a sacrificial altar of Ru.
  2316 | D:5      | Reached skill level 3 in Dodging
  2793 | D:7      | Noticed a shadow
  2794 | D:7      | Killed a shadow
  2794 | D:7      | Reached skill level 5 in Dodging
  2794 | D:7      | Reached XP level 8. HP: 32/41 MP: 10/10
  2801 | D:7      | Reached skill level 1 in Long Blades
  2803 | D:7      | Reached ** piety under Hepliaklqana
  2805 | D:7      | Remembered your ancestor Plamen as a battlemage
  2885 | D:7      | Learned a level 3 spell: Confuse
  3063 | D:7      | Found Woociatt's Antique Armour Emporium.
  3070 | D:7      | Bought a runed robe for 118 gold pieces
  3112 | D:7      | Reached skill level 5 in Long Blades
  3192 | D:8      | Found an ornate altar of the Wu Jian Council.
  3251 | D:8      | Reached XP level 9. HP: 43/45 MP: 7/11
  3256 | D:8      | Noticed a hippogriff
  3270 | D:8      | Noticed an elephant
  3278 | D:8      | Noticed a hippogriff
  3542 | D:8      | Killed a hippogriff
  3662 | D:8      | Killed a hippogriff
  3671 | D:8      | Killed an elephant
  3671 | D:8      | Reached XP level 10. HP: 24/50 MP: 2/12
  3769 | D:8      | Found a staircase to the Lair.
  3783 | D:8      | Reached skill level 1 in Evocations
  3787 | Lair:1   | Entered Level 1 of the Lair of Beasts
  3859 | D:9      | Reached skill level 1 in Fighting
  4161 | D:9      | Noticed a two-headed ogre
  4235 | D:10     | Entered Level 10 of the Dungeon
  4326 | D:9      | Killed a two-headed ogre
  4422 | D:9      | Found Hoceuf's Antique Weapon Shoppe.
  4443 | D:9      | Found a stormy altar of Qazlal.
  4453 | D:9      | Reached *** piety under Hepliaklqana
  4461 | D:9      | Reached skill level 5 in Fighting
  4571 | D:9      | Reached skill level 6 in Dodging
  4822 | D:9      | Reached skill level 7 in Dodging
  5057 | D:10     | Reached XP level 11. HP: 57/63 MP: 8/14
  5247 | D:10     | Reached skill level 8 in Dodging
  5354 | D:10     | Reached skill level 9 in Dodging
  5740 | D:11     | Reached skill level 10 in Dodging
  5750 | D:11     | Noticed a two-headed ogre
  5778 | D:11     | Killed a two-headed ogre
  5854 | D:11     | Noticed a cyclops
  5961 | D:11     | Noticed a brown ugly thing
  5979 | D:11     | Killed a brown ugly thing
  6069 | D:12     | Noticed a lindwurm
  6074 | D:12     | Noticed a lindwurm
  6078 | D:12     | Noticed a lindwurm
  6081 | D:12     | Noticed a lindwurm
  6093 | D:12     | Noticed an unseen horror
  6107 | D:12     | Noticed a two-headed ogre
  6111 | D:12     | Killed an unseen horror
  6359 | D:12     | Noticed a manticore
  6415 | D:12     | Killed a manticore
  6463 | D:12     | Killed a two-headed ogre
  6474 | D:12     | Reached **** piety under Hepliaklqana
  6577 | D:12     | Identified a scroll of acquirement
  6599 | D:12     | Found a basalt altar of Yredelemnul.
  6612 | D:12     | Noticed a cyclops
  6629 | D:12     | Killed a cyclops
  6629 | D:12     | Reached XP level 12. HP: 39/73 MP: 11/15
  6700 | D:14     | Noticed a centaur warrior
  6710 | D:14     | Killed a centaur warrior
  6730 | D:14     | Learned a level 2 spell: Passwall
  6963 | D:14     | Found Pothrut's Gadget Emporium.
  6981 | D:14     | Gained mutation: Armour fits poorly on your strangely
                  | shaped body. [potion of mutation]
  6982 | D:14     | Lost mutation: Armour fits poorly on your strangely shaped
                  | body. [potion of mutation]
  7185 | D:14     | Mangled by a very large slime creature

Vault maps used:
D:1:      mrwooster_arrival_statue_3
D:3:      lemuel_crystal_altar, ebering_ghost_reflecting_pool
D:4:      overflow_temple_1_default, serial_glass, glass_columns_a,
          glass_columns_a, st_stairs_3, hangedman_decor_opposing,
          minmay_misc_feat_chi, uniq_natasha
D:5:      lemuel_ratsnest, kennysheep_mini_moat, first_ration, basic_altar,
          yredelemnul_altar_generic, uniq_blork_the_orc
D:6:      lemuel_round_altar, nicolae_ru_path_of_blood,
          minmay_temple_entry_proselytizer
D:7:      statuecave_lemuel, lemuel_coloured_pillars_altar,
          chequers_temple_overflow_minitemple, serial_shops,
          nicolae_shop_waterfront, kb_lookout_dungeons_type, minmay_manual_mess,
          uniq_joseph
D:8:      nicolae_overflow_crystal_walls, david_lair_generic, grunt_livestock
D:9:      nicolae_qazlal_style_of_elements, serial_rivers,
          chequers_serial_rivers_small_3, chequers_serial_rivers_micro_d,
          chequers_serial_rivers_micro_b, chequers_serial_rivers_micro_c,
          chequers_serial_rivers_micro_d, serial_shops, shop
D:10:     erik_orc_1
D:11:     uniq_sonja
D:12:     serial_column_ruins, column_ruins_square_small,
          column_ruins_temple_hut, column_ruins_open_tiny,
          column_ruins_columns_straight, column_ruins_grid_4,
          column_ruins_grid_3, column_ruins_columns_water, minmay_lindwurm_lava
D:13:     guppyfry_shop_venom
D:14:     gammafunk_cloud_chamber, david_vaults_1, serial_shops,
          kennysheep_mini, elyvilon_altar_5, amethyst_killhole, uniq_rupert,
          uniq_snorg
Lair:1:   grunt_megastairs_2, lemuel_fruit_fields

Skill      XL: |  1  2  3  4  5  6  7  8  9 10 11 12 |
---------------+-------------------------------------+-----
Short Blades   | 2 3 4 6 8 |  8.7
Dodging        | 5 7 10 | 10.8
Long Blades    | 5 9 |  9.7
Evocations     | 4 |  4.6
Fighting       | 5 7 |  7.6
Spellcasting   | 3 |  3.7
Stealth        | |  3.2
Hexes          | |  2.4

Action                   |  1- 3 |  4- 6 |  7- 9 | 10-12 || total
-------------------------+-------+-------+-------+-------++-------
Melee: Dagger            |   106 |    63 |    86 |    33 ||   288
       Falchion          |       |       |    42 |   166 ||   208
       Long sword        |       |       |       |    87 ||    87
 Fire: Hunting sling     |     3 |       |     1 |       ||     4
 Cast: Corona            |     6 |       |     1 |     2 ||     9
       Ensorcelled Hiber |     4 |    17 |     4 |    26 ||    51
       Dazzling Spray    |       |     1 |     7 |    17 ||    25
       Confuse           |       |       |     1 |     4 ||     5
Invok: Recall Ancestor   |       |     2 |     1 |     3 ||     6
       Ancestor Life: Ba |       |       |     1 |       ||     1
       Transference      |       |       |       |     1 ||     1
Evoke: Wand              |       |       |       |     4 ||     4
  Use: Potion            |       |     1 |     2 |     2 ||     5
       Scroll            |       |     4 |     4 |     6 ||    14
 Stab: Sleeping          |    11 |     9 |     6 |    14 ||    40
       Invisible         |       |       |     2 |     1 ||     3
       Distracted        |       |       |       |     2 ||     2
       Confused          |       |       |       |     5 ||     5
  Eat: Chunk             |     1 |     4 |     7 |    18 ||    30
       Ration            |       |       |     1 |       ||     1
Armor: Robe              |    10 |     5 |     9 |    41 ||    65
       Skin              |       |       |     6 |       ||     6
Dodge: Dodged            |    63 |    43 |    68 |   225 ||   399
       Rpst.: Falchion   |       |       |    12 |    43 ||    55
       Long sword        |       |       |       |    17 ||    17

Table legend:
 A = Non-vault XP
 B = Vault XP
 C = Vault XP percentage of total XP
 D = Non-vault monster count
 E = Vault monster count
 F = Vault count percentage of total count
                 A         B        C        D         E       F
            +---------+---------+-------+---------+---------+-------
      Total |   16452 |    1674 |   9.2 |     191 |      11 |   5.4
            +---------+---------+-------+---------+---------+-------
        D:1 |      37 |       0 |   0.0 |      22 |       0 |   0.0
        D:2 |      35 |       0 |   0.0 |      12 |       0 |   0.0
        D:3 |      33 |       0 |   0.0 |      10 |       0 |   0.0
        D:4 |     110 |     151 |  57.9 |       8 |       2 |  20.0
        D:5 |     341 |      94 |  21.6 |       6 |       1 |  14.3
        D:6 |      39 |       0 |   0.0 |       2 |       0 |   0.0
        D:7 |     474 |     472 |  49.9 |      14 |       4 |  22.2
        D:8 |    1308 |     957 |  42.3 |      20 |       4 |  16.7
        D:9 |    3463 |       0 |   0.0 |      29 |       0 |   0.0
       D:10 |    2157 |       0 |   0.0 |      26 |       0 |   0.0
       D:11 |    2297 |       0 |   0.0 |      21 |       0 |   0.0
       D:12 |    4042 |       0 |   0.0 |      14 |       0 |   0.0
       D:14 |    2116 |       0 |   0.0 |       7 |       0 |   0.0
            +---------+---------+-------+---------+---------+-------
